 Dungeon Crawl Stone Soup version 0.27-a0-550-ge92ec0ca06 (webtiles) character file.

Game seed: 13046325600923877429

102 jasper the Caller (level 4, -5/30 HPs)
             Began as a Mummy Summoner on Mar 7, 2021.
             Killed from afar by an orc wizard (10 damage)
             ... with a puff of flame
             ... on level 3 of the Dungeon.
             The game lasted 00:03:32 (2413 turns).

jasper the Caller (Mummy Summoner)                  Turns: 2413, Time: 00:03:32

Health: -5/30      AC:  4    Str: 11    XL:     4   Next: 49%
Magic:  4/8        EV: 12    Int: 15    God:
Gold:   116        SH:  0    Dex: 12    Spells: 1/8 levels left

rFire    x . .     SeeInvis .   h - +0 spear
rCold    + . .     Faith    .   (no shield)
rNeg     + + +     Spirit   .   a - +0 robe
rPois    ∞         Reflect  .   l - +0 helmet
rElec    .         Harm     .   c - +0 cloak
rCorr    .         Rampage  .   (no gloves)
Will     .....                  (no boots)
Stlth    ++........             (no amulet)
HPRegen  0.10/turn              (no ring)
MPRegen  0.11/turn              (no ring)

@: no status effects
A: cold resistance 1, negative energy resistance 3, torment resistance 2,
unbreathing 1, heat vulnerability 1, no potions
a: no special abilities


You were on level 3 of the Dungeon.
You visited 1 branch of the dungeon, and saw 3 of its levels.

You collected 116 gold pieces.

Inventory:

Hand Weapons
 b - a +0 short sword
 h - a +0 spear (weapon)
Missiles
 d - 77 arrows
 f - 7 curare-tipped darts
Armour
 a - a +0 robe (worn)
 c - a +0 cloak (worn)
 e - a +0 ring mail
 l - a +0 helmet (worn)
 n - a +0 leather armour
Scrolls
 g - a scroll of enchant weapon {unknown}
 i - 2 scrolls of identify {unknown}
 j - a scroll of noise {unknown}
 k - a scroll of teleportation {unknown}
 m - 2 scrolls of magic mapping {unknown}


   Skills:
 - Level 1.5 Dodging
 - Level 1.5 Stealth
 - Level 2.6 Spellcasting
 - Level 5.0 Summonings
 + Level 0.0 Ice Magic


You had one spell level left.
You knew the following spells:

 Your Spells              Type           Power      Damage    Failure   Level
a - Summon Small Mammal   Summ           68%        N/A       2%          1
b - Call Imp              Summ           17%        N/A       4%          2
c - Summon Ice Beast      Ice/Summ       9%         N/A       58%         4

Your spell library contained the following spells:

 Spells                   Type           Power      Damage    Failure   Level
 Call Canine Familiar     Summ           17%        N/A       8%          3
 Summon Guardian Golem    Hex/Summ       9%         N/A       22%         3
 Summon Lightning Spire   Summ/Air       9%         N/A       58%         4


Dungeon Overview and Level Annotations

Branches:
Dungeon (3/15)

Altars:
Qazlal


Innate Abilities, Weirdness & Mutations

You are immune to poison.
Your flesh is cold resistant. (rC+)
You are immune to negative energy. (rN+++)
You are immune to unholy pain and torment.
You can survive without breathing.
You are vulnerable to heat. (rF-)
You do not drink.


Message History

You barely miss the orc wizard.
The orc wizard is lightly wounded.
The orc barely misses your shadow imp.
Your crimson imp hits the orc but does no damage.
Your crimson imp hits the orc.
The orc dies!
Your shadow imp completely misses the orc wizard.
The orc wizard casts a spell at you. You resist with some effort.
Training target 5.0 for Summonings reached!
Your Summonings skill increases to level 5!
You need to enable at least one skill for training.
You closely miss the orc wizard.
The orc wizard is lightly wounded.
Your shadow imp barely misses the orc wizard.
The orc wizard barely misses you.
Your crimson imp hits the orc wizard.
You hit the orc wizard but do no damage.
The orc wizard is moderately wounded.
Your crimson imp hits the orc wizard but does no damage.
Your shadow imp closely misses the orc wizard.
The orc wizard hits you with a +0 dagger.
* * * LOW HITPOINT WARNING * * *
Your crimson imp hits the orc wizard but does no damage.
You take 3 damage, and have 5/30 hp.
You barely miss the orc wizard.
The orc wizard is moderately wounded.
Your crimson imp misses the orc wizard.
Your shadow imp misses the orc wizard.
The orc wizard hits you but does no damage.
Your crimson imp blinks!
You closely miss the orc wizard.
The orc wizard is moderately wounded.
Your crimson imp hits the orc wizard but does no damage.
Your shadow imp hits the orc wizard.
The orc wizard closely misses you.
Your crimson imp barely misses the orc wizard.
You closely miss the orc wizard.
The orc wizard is severely wounded.
Your shadow imp misses the orc wizard.
The orc wizard points at you and mumbles some strange words.
The puff of flame hits you! The fire burns you terribly!
You die...

#.....[...#
#.......).# #
#.......<.# #.
#.........# ...
#.........# ....
#.........# .....
#.........#
......###5<)......#
.......@o)........#
.....####5........#
... ##.5.....## .
##.....## #######


You could see an orc wizard (ally target), 2 friendly crimson imps and a
friendly shadow imp (summoned).

Vanquished Creatures
  Jessica (D:2)
  2 adders (D:2)
  A dart slug (D:1)
  2 leopard geckos (D:1)
  A giant cockroach (D:1)
  2 goblins
  2 hobgoblins (D:1)
  2 jackals (D:2)
  5 bats
  A frilled lizard (D:2)
  4 kobolds
  2 rats
25 creatures vanquished.

Vanquished Creatures (collateral kills)
  A worker ant (D:2)
  An adder (D:2)
  4 orcs (D:3)
  3 bats (D:1)
  2 giant cockroaches (D:2)
  2 hobgoblins (D:1)
  A jackal (D:2)
  3 kobolds
17 creatures vanquished.

Grand Total: 42 creatures vanquished

Notes
Turn   | Place    | Note
-------+----------+-------------------------------------------
     0 | D:1      | jasper the Mummy Summoner began the quest for the Orb.
     0 | D:1      | Reached XP level 1. HP: 13/13 MP: 4/4
   123 | D:1      | Reached XP level 2. HP: 11/19 MP: 1/5
   128 | D:1      | Learned a level 2 spell: Call Imp
   818 | D:1      | Reached skill level 4 in Summonings
  1301 | D:2      | Reached XP level 3. HP: 21/24 MP: 4/7
  1496 | D:2      | Noticed Jessica
  1508 | D:2      | Killed Jessica
  1594 | D:2      | Reached XP level 4. HP: 22/30 MP: 3/8
  1599 | D:2      | Learned a level 4 spell: Summon Ice Beast
  2258 | D:2      | Found a stormy altar of Qazlal.
  2409 | D:3      | Reached skill level 5 in Summonings
  2413 | D:3      | Killed from afar by an orc wizard

Illustrated notes

Levels and vault maps discovered:
D:1:      minmay_arrival_hallway, layout_basic
D:2:      layout_loops_ring, nicolae_qazlal_eye_of_the_storm, uniq_jessica
D:3:      layout_rooms, overflow_temple_1_default

Skill      XL: |  1  2  3  4 |
---------------+-------------+-----
Summonings     | 4 5 |  5.0
Dodging        | |  1.5
Stealth        | |  1.5
Spellcasting   | |  2.6

Action                   |  1- 3 |  4- 6 || total
-------------------------+-------+-------++-------
Melee: Short sword       |    62 |       ||    62
       Spear             |    35 |    59 ||    94
 Cast: Summon Small Mamm |     6 |       ||     6
       Call Imp          |    19 |    11 ||    30
 Stab: Sleeping          |     3 |       ||     3
Armor: Robe              |    32 |    11 ||    43
Dodge: Dodged            |   104 |    36 ||   140

Table legend: (Time is in decaauts)
 A = Elapsed time spent in this place.
 B = Non-inter-level travel time spent in this place.
 C = Inter-level travel time spent in this place.
 D = Time resting spent in this place.
 E = Time spent auto-exploring this place.
 F = Levels seen in this place.
 G = Mean time per level.
                   A        B        C        D        E       F      G
               +--------+--------+--------+--------+--------+-----+--------+
         Total |   2428 |   2304 |    124 |     40 |   1827 |   3 |  809.3 |
       Dungeon |   2428 |   2304 |    124 |     40 |   1827 |   3 |  809.3 |
               +--------+--------+--------+--------+--------+-----+--------+

Top non-repeatable levels by time:
     D:2: 1427 daAuts
     D:1: 956 daAuts
     D:3: 44 daAuts
